 Dungeon Crawl Stone Soup version 0.30-a0-743-gbfdf073431 (webtiles) character file.

Game seed: 8012419057256489951

19 tio the Grave Robber (level 2, 0/19 HPs)
             Began as a Demonspawn Necromancer on Feb 8, 2023.
             Slain by a worm (6 damage)
             ... on level 2 of the Dungeon.
             The game lasted 00:05:22 (1141 turns).

tio the Grave Robber (Demonspawn Necromancer)       Turns: 1141, Time: 00:05:22

Health: 0/19       AC:  4    Str:  8    XL:     2   Next: 55%
Magic:  5/5        EV: 12    Int: 16    God:
Gold:   63         SH:  0    Dex: 13    Spells: 4/5 levels left

rFire   . . .      SeeInvis .    h - +0 spear
rCold   . . .      Faith    .    (no shield)
rNeg    . . .      Spirit   .    a - +0 robe
rPois   .          Reflect  .    (no helmet)
rElec   .          Harm     .    (no cloak)
rCorr   .          Rampage  .    (no gloves)
Will    .....                    (no boots)
Stlth   +                        (no amulet)
HPRegen 0.23/turn                (no ring)
MPRegen 0.09/turn                (no ring)

@: silenced
A: molten scales 1
a: no special abilities


You were on level 2 of the Dungeon.
You visited 1 branch of the dungeon, and saw 2 of its levels.

You collected 63 gold pieces.

Inventory:

Hand Weapons
 h - a +0 spear (weapon)
Armour
 a - a +0 robe (worn)
Scrolls
 g - 2 scrolls of teleportation
 l - a scroll of immolation (quivered) {unknown}
Potions
 b - a potion of magic
 c - a potion of mutation {unknown}
 d - 2 potions of curing {unknown}
 e - a potion of berserk rage {unknown}
 i - a potion of attraction {unknown}
 k - a potion of degeneration {unknown}


   Skills:
 + Level 1.8 Dodging
 + Level 1.8 Stealth
 + Level 2.3 Spellcasting
 + Level 4.9 Necromancy


You had 4 spell levels left.
You knew the following spells:

 Your Spells              Type           Power      Damage    Failure   Level
a - Necrotise             Necr           68%        1d7       2%          1

Your spell library contained the following spells:

 Spells                   Type           Power      Damage    Failure   Level
 Vampiric Draining        Necr           17%        2d7       8%          3
 Freeze                   Ice            4%         1d3       21%         1
 Animate Dead             Necr           17%        N/A       26%         4
 Blink                    Tloc           2%         N/A       30%         2
 Lesser Beckoning         Tloc           2%         N/A       30%         2
 Momentum Strike          Conj/Tloc      2%         3d8       30%         2
 Frozen Ramparts          Ice            2%         1d1       52%         3
 Hailstorm                Conj/Ice       1%         3d3       52%         3
 Agony                    Necr           17%        N/A       58%         5


Dungeon Overview and Level Annotations

Branches:
Dungeon (2/15)

Altars:


Innate Abilities, Weirdness & Mutations

You are partially covered in molten scales. (AC +2)


Message History

There is a stone staircase leading down here.
You climb downwards.
Found a scroll labelled ZEMMOTOUNIO.
There is a stone staircase leading up here.
l - a scroll labelled ZEMMOTOUNIO
There is a stone staircase leading up here.
As you read the scroll labelled NASONIC SAANA, it crumbles to dust.
You feel strangely unstable.
It was a scroll of teleportation.
As you read the scroll labelled TEDGHAO YNKIRGH, it crumbles to dust.
You assume a fearsome visage.
Nothing appears to happen.
It was a scroll of fear.
As you read the scroll labelled JAOXON UPPOYD, it crumbles to dust.
A profound silence engulfs you.
It was a scroll of silence.
Your surroundings suddenly seem different.
A worm comes into view.
An endoplasm comes into view.
Found a robe.
The endoplasm quivers.
The worm bites you!
You hit the worm.
The worm is lightly wounded.
The worm bites you but does no damage.
You hit the worm.
The worm is moderately wounded.
You hit the worm.
The worm is heavily wounded.
The worm closely misses you.
You hit the worm.
The worm is heavily wounded.
The worm closely misses you.
You hit the worm.
The worm is severely wounded.
The endoplasm hits you but does no damage.
You barely miss the worm.
The worm is severely wounded.
The endoplasm misses you. The worm bites you.
You hit the worm but do no damage.
The worm is severely wounded.
The endoplasm hits you. The worm bites you.
You die...

# ####### ..# ##♣♣
#...###########.#P.
#.................P
#####...#####....P
##.....##...#
##..........#
#...........#
#.......@J..#
#........w..#
#...............
#...............
#...............
##............[.
##.....#......#
###.## .######


You could see a worm and an endoplasm (unsilenced).

Vanquished Creatures
  3 bats (D:1)
  2 endoplasms (D:1)
  A giant cockroach (D:1)
  A goblin (D:1)
  A hobgoblin (D:1)
  A quokka (D:1)
  2 ball pythons (D:1)
  A frilled lizard (D:1)
  4 kobolds (D:1)
  A rat (D:1)
17 creatures vanquished.

Vanquished Creatures (collateral kills)
  A ball python (D:1)
  A rat (D:1)
2 creatures vanquished.

Grand Total: 19 creatures vanquished

Notes
Turn   | Place    | Note
-------+----------+-------------------------------------------
     0 | D:1      | tio the Demonspawn Necromancer began the quest for the Orb.
     0 | D:1      | Reached XP level 1. HP: 13/13 MP: 3/3
   434 | D:1      | Gained mutation: You are partially covered in molten
                  | scales. (AC +2) [demonic ancestry]
   434 | D:1      | Reached XP level 2. HP: 19/19 MP: 0/5
   945 | D:1      | Found a faded altar of an unknown god.
  1141 | D:2      | Slain by a worm

Illustrated notes

Levels and vault maps discovered:
D:1:      dpeg_arrival_chambers_temple_mockup, layout_basic,
          dreamdust_ecumenical_altar_statues
D:2:      layout_rooms, grunt_decor_mini_mirrors, uniq_crazy_yiuf_cottage

Action                     || total
---------------------------++-------
  Melee: Spear             ||    13
   Cast: Necrotise         ||    31
    Use: Scroll            ||     3
 Armour: Robe              ||     4
  Dodge: Dodged            ||    12

Table legend: (Time is in decaauts)
 A = Elapsed time spent in this place.
 B = Non-inter-level travel time spent in this place.
 C = Inter-level travel time spent in this place.
 D = Time resting spent in this place.
 E = Time spent auto-exploring this place.
 F = Levels seen in this place.
 G = Mean time per level.
                   A        B        C        D        E       F      G
               +--------+--------+--------+--------+--------+-----+--------+
         Total |   1141 |   1126 |     15 |      0 |   1001 |   2 |  570.5 |
       Dungeon |   1141 |   1126 |     15 |      0 |   1001 |   2 |  570.5 |
               +--------+--------+--------+--------+--------+-----+--------+

Top non-repeatable levels by time:
     D:1: 1119 daAuts
     D:2: 21 daAuts
